 Dungeon Crawl Stone Soup version 0.30.0-18-gc0e69614cb (webtiles) character file.

Game seed: 8653487588384975057

28 IndexError the Ruffian (level 2, 23/23 HPs)
             Began as a Draconian Transmuter on May 25, 2023.
             Was a Follower of Yredelemnul.
             Quit the game on level 1 of the Dungeon.
             The game lasted 00:01:47 (637 turns).

IndexError the Ruffian (Draconian Transmuter)        Turns: 637, Time: 00:01:48

Health: 23/23      AC:  5    Str: 12    XL:     2   Next: 96%
Magic:  5/5        EV: 12    Int: 13    God:    Yredelemnul [*.....]
Gold:   33         SH:  0    Dex: 11    Spells: 4/5 levels left

rFire   . .          .
                       - Unarmed
rCold   . . .        (no shield)
rNeg    . . .        (body armour unavailable)
rPois   .            (helmet restricted)
rElec   .            (no cloak)
rCorr   .            d - +0 pair of gloves
SInv    .            (no boots)
Will    .....        (no amulet)
Stlth   +            (no ring)
HPRegen 0.23/turn    (no ring)
MPRegen 0.09/turn

%: no passive effects
@: no status effects
A: AC +4, unfitting armour, cold-blooded
a: Renounce Religion, Recall Undead Harvest


You were on level 1 of the Dungeon.
You worshipped Yredelemnul.
Yredelemnul was noncommittal.
You visited 1 branch of the dungeon, and saw 1 of its levels.

You collected 33 gold pieces.

Inventory:

Armour
 d - a +0 pair of gloves (worn)
   (You found it on level 1 of the Dungeon)
Potions
 a - a potion of lignification {!q}
 b - a potion of brilliance {unknown}
 c - a potion of mutation {unknown}
 e - a potion of berserk rage {unknown}


   Skills:
 - Level 1.1 Fighting
 - Level 1.7 Dodging
 + Level 3.6 Unarmed Combat
 - Level 2.0 Spellcasting
 + Level 2.8 Transmutations


You had 4 spell levels left.
You knew the following spells:

 Your Spells              Type           Power      Damage    Failure   Level
a - Beastly Appendage     Tmut           16%        N/A       9%          1

Your spell library contained the following spells:

 Spells                   Type           Power      Damage    Failure   Level
 Wereblood                Tmut           8%         N/A       12%         2
 Spider Form              Tmut/Pois      4%         N/A       41%         3
 Ice Form                 Ice/Tmut       4%         N/A       82%         4


Dungeon Overview and Level Annotations

Branches:
Dungeon (1/15)

Altars:
Yredelemnul


Innate Abilities, Weirdness & Mutations

Your plain brown scales are hard. (AC +4)
You cannot fit into any form of body armour.
You are cold-blooded and may be slowed by cold attacks.


Message History

You closely miss the giant cockroach. Your kick misses the giant cockroach.
The giant cockroach bites you. The rat closely misses you.
You take 1 damage, and have 22/23 hp.
You closely miss the giant cockroach.
You claw the giant cockroach, but do no damage.
Your headbutt misses the giant cockroach.
You tail-slap the giant cockroach. The giant cockroach barely misses you.
The rat misses you. The giant cockroach bites you.
You punch the giant cockroach! The rat bites you.
You take 2 damage, and have 20/23 hp.
You barely miss the rat. You headbutt the rat, but do no damage.
You punch the rat.
No target in view!
Your transformation is almost over.
A dart slug comes into view.
Health restored: 23; MP restored: 5 A dart slug is nearby!
A kobold comes into view. It is wielding a +0 dagger.
Your horns disappear.
Your talons disappear.
Casting: Beastly Appendage (safe; 9% risk of failure)
Confirm with . or Enter, or press ? or * to list all spells.
You grow a pair of large bovine horns.
Your feet morph into talons.
The kobold shouts!
A hobgoblin comes into view.
You now have 4/5 mp.
You hit the dart slug but do no damage. You claw the dart slug.
You headbutt the dart slug! You closely miss the kobold.
Your kick misses the kobold. Your headbutt misses the kobold.
The kobold hits you with a +0 dagger.
You take 2 damage, and have 21/23 hp.
You closely miss the hobgoblin. You claw the hobgoblin.
You closely miss the hobgoblin.
You headbutt the hobgoblin, but do no damage.
The kobold barely misses you.
The hobgoblin hits you but does no damage.
You closely miss the hobgoblin. You headbutt the hobgoblin.
Your tail-slap misses the hobgoblin.
Your punch misses the hobgoblin. The kobold closely misses you.
The hobgoblin barely misses you.
You hit the hobgoblin but do no damage. Your kick misses the hobgoblin.
You punch the hobgoblin. The kobold hits you with a +0 dagger.
You take 1 damage, and have 21/23 hp.
You hit the kobold but do no damage. The kobold closely misses you.
You closely miss the kobold. The kobold closely misses you.
You hit the kobold but do no damage.
Your tail-slap misses the kobold.
The kobold barely misses you.
MP restored: 5 You barely miss the kobold.
Your kick misses the kobold.
Your transformation is almost over.
The kobold hits you with a +0 dagger.
You take 1 damage, and have 21/23 hp.
You hit the kobold but do no damage. Your kick misses the kobold.
The kobold closely misses you.
You barely miss the kobold. Your kick misses the kobold.
You headbutt the kobold. The kobold hits you but does no damage.
You barely miss the kobold. You claw the kobold.
No target in view!
Your horns disappear.
Your talons disappear.
d - a +0 pair of gloves Health restored: 23 You start putting on your armour.
You continue putting on your +0 pair of gloves. x4
You finish putting on your +0 pair of gloves.
e - a black potion As you open the door, it creaks loudly!
There is an open door here.
You open the door.
There is an open door here.
You now have 25 gold pieces (gained 9).
Things that are here:
a +0 dagger; a kobold corpse; a dart slug corpse You see here a rat corpse.
There is an open door here.
Found a faded altar of an unknown god.
You now have 33 gold pieces (gained 8).
A bat comes into view.
A bat is nearby!
Casting: Beastly Appendage (safe; 9% risk of failure)
Confirm with . or Enter, or press ? or * to list all spells.
You grow a pair of large bovine horns.
Your feet morph into talons.
The bat hits you but does no damage.
You now have 4/5 mp.
The bat closely misses you.
You barely miss the bat. Your kick misses the bat. The bat misses you.
The bat closely misses you. The bat barely misses you.
You barely miss the bat. You tail-slap the bat.
No target in view!
No target in view!
Search for what [? for help]? altar Your transformation is almost over.
Your horns disappear.
Your talons disappear.
There is a faded altar of an unknown god here.
MP restored: 5 This altar belongs to (a) Lugonu, (b) Yredelemnul or (c) Okawaru, but you can't tell which.
Press the corresponding letter to learn more about a god, or press enter to convert or escape to cancel.
Okay, then.
This altar belongs to (a) Lugonu, (b) Yredelemnul or (c) Okawaru, but you can't tell which.
Press the corresponding letter to learn more about a god, or press enter to convert or escape to cancel.
Yredelemnul accepts your prayer! Yredelemnul welcomes you!
You can now reap souls.
You can now recall your undead harvest.
Are you sure you want to abandon this character and quit the game? (Confirm with "yes".)

#.#.#≈#..........#
#.#.#≈#..........#############
#.#.#≈#......................#
#.#.'.#......................#
#.###.#...)..................##
### #........................'.
####..♣♣♣♣♣♣.♣♣.......)..##
#...♣♣♣♣♣.♣♣♣.........#
#....♣.@♣♣♣♣♣.........#
#...♣Z♣ZZ.♣♣.♣........#
#.##♣♣♣♣Z♣♣♣♣♣♣.......#
#.#.♣....♣..♣.........#
#...♣♣..♣♣.♣♣♣♣.......#
#.#.♣♣♣...♣.♣.♣.......#
#.##.♣♣♣♣♣♣.♣♣...######
#.....♣..♣.♣....##
####.♣.♣....#..##


You could see a friendly bat zombie, 2 friendly adder zombies and a friendly
jackal zombie.

Vanquished Creatures
  2 dart slugs (D:1)
  A ball python (D:1)
  2 endoplasms (D:1)
  2 giant cockroaches (D:1)
  A goblin (D:1)
  4 hobgoblins (D:1)
  3 jackals (D:1)
  A bat (D:1)
  2 kobolds (D:1)
  2 rats (D:1)
20 creatures vanquished.

Notes
Turn   | Place    | Note
-------+----------+-------------------------------------------
     0 | D:1      | IndexError the Draconian Transmuter began the quest for the
                  | Orb.
     0 | D:1      | Reached XP level 1. HP: 16/16 MP: 3/3
    69 | D:1      | HP: 4/16 [jackal (2)]
    78 | D:1      | HP: 3/16 [jackal (3)]
    84 | D:1      | HP: 3/16 [giant cockroach (1)]
   200 | D:1      | Reached XP level 2. HP: 23/23 MP: 3/5
   579 | D:1      | Found a faded altar of an unknown god.
   636 | D:1      | Prayed at the altar of an unknown god.
   636 | D:1      | Became a worshipper of Yredelemnul the Dark
   636 | D:1      | Reached * piety under Yredelemnul
   637 | D:1      | Quit the game

Illustrated notes

Levels and vault maps discovered:
D:1:      nagdon_arrival_zigzag_paths, layout_basic,
          chequers_ecumenical_altar_grove, corexii_corridor_pit

Action                     || total
---------------------------++-------
  Melee: Unarmed           ||    71
         Kick              ||    10
         Headbutt          ||    10
         Tailslap          ||     7
         Punch             ||     3
   Cast: Beastly Appendage ||     8
   Stab: Sleeping          ||     1
 Armour: Skin              ||    19
  Dodge: Dodged            ||    53

Levels and vault maps discovered:
D:1:      nagdon_arrival_zigzag_paths, layout_basic,
          chequers_ecumenical_altar_grove, corexii_corridor_pit

Table legend: (Time is in decaauts)
 A = Elapsed time spent in this place.
 B = Non-inter-level travel time spent in this place.
 C = Inter-level travel time spent in this place.
 D = Time resting spent in this place.
 E = Time spent auto-exploring this place.
 F = Levels seen in this place.
 G = Mean time per level.
                   A        B        C        D        E       F      G
               +--------+--------+--------+--------+--------+-----+--------+
         Total |    632 |    607 |     25 |      0 |    458 |   1 |  632.0 |
       Dungeon |    632 |    607 |     25 |      0 |    458 |   1 |  632.0 |
               +--------+--------+--------+--------+--------+-----+--------+

Top non-repeatable levels by time:
     D:1: 632 daAuts

Table legend:
 A = Kills in this place as a percentage of kills in the entire game.
 B = Kills by you in this place as a percentage of kills by you in the entire game.
 C = Kills by friends in this place as a percentage of kills by friends in the entire game.
 D = Other kills in this place as a percentage of other kills in the entire game.
 E = Experience gained in this place as a percentage of experience gained in the entire game.
 F = Experience gained in this place divided by the number of levels of this place that you have seen.
                   A       B       C       D       E      F
               +-------+-------+-------+-------+-------+----------------------
         Total | 100.0 | 100.0 |   N/A |   N/A | 100.0 |  40.0
       Dungeon | 100.0 | 100.0 |   N/A |   N/A | 100.0 |  40.0
               +-------+-------+-------+-------+-------+----------------------
